 Dungeon Crawl Stone Soup version 0.23.2-1-ga50397a6bc (webtiles) character file.

Game seed: 2297913268385008248

223 Mrkan the Archer (level 5, -3/46 HPs)
             Began as a Centaur Hunter on May 18, 2019.
             Slain by an orc priest
             ... wielding a +0 trident
              (5 damage)
             ... on level 3 of the Dungeon.
             The game lasted 00:04:44 (2156 turns).

Mrkan the Archer (Centaur Hunter)                   Turns: 2156, Time: 00:04:45

Health: -3/46      AC:  4    Str: 15    XL:     5   Next: 66%
Magic:  5/5        EV:  9    Int: 10    God:
Gold:   200        SH:  0    Dex: 10    Spells: 4/4 levels left

rFire    . . .     SeeInvis .   a - +1 shortbow
rCold    . . .     Gourm    .   (shield currently unavailable)
rNeg     . . .     Faith    .   c - +0 leather armour
rPois    .         Spirit   .   (no helmet)
rElec    .         Reflect  .   (no cloak)
rCorr    .         Harm     .   (no gloves)
MR       .....                  (no barding)
Stlth    +.........             (no amulet)
HPRegen  0.15/turn              (no ring)
MPRegen  0.09/turn              (no ring)

@: very quick
A: large, hooves 3, deformed body, speed 2, tough skin 3
a: no special abilities


You were on level 3 of the Dungeon.
You were very hungry.

You visited 1 branch of the dungeon, and saw 3 of its levels.

You collected 200 gold pieces.

Inventory:

Hand Weapons
 a - a +1 shortbow (weapon)
 b - a +0 short sword
 r - a cursed -1 trident
Missiles
 d - 15 arrows (quivered)
Armour
 c - a +0 leather armour (worn)
Scrolls
 e - 7 scrolls of identify {unknown}
 i - a scroll of magic mapping {unknown}
 k - a scroll of fear {unknown}
 l - a scroll of amnesia {unknown}
Potions
 g - a potion of resistance {unknown}
 h - a potion of curing {unknown}
 j - 2 potions of ambrosia {unknown}
 m - a potion of lignification {unknown}
 n - a potion of degeneration {unknown}
 o - a potion of might {unknown}
 p - a potion of flight {unknown}
 q - a potion of mutation {unknown}
Comestibles
 f - 3 rations


   Skills:
 + Level 3.7 Fighting
 * Level 8.1 Bows
 - Level 1.3 Dodging
 - Level 0.4 Stealth


You had 4 spell levels left.
You didn't know any spells.
Your spell library was empty.

Dungeon Overview and Level Annotations

Branches:
Dungeon (3/15)

Altars:
Elyvilon
Nemelex Xobeh
Yredelemnul


Innate Abilities, Weirdness & Mutations

You have hooves in place of feet.
Armour fits poorly on your strangely shaped body.
You cover ground very quickly.
You have extremely tough skin. (AC +3)


Message History

The bat hits you.
* * * LOW HITPOINT WARNING * * *
The bat hits you but does no damage. The bat closely misses you.
The bat hits you but does no damage. The bat hits you but does no damage.
An orc comes into view. It is wielding a +0 dagger.
The orc shouts!
You hear a shout! x2
The bat misses you. 3 orcs and an orc priest come into view.
The orc shouts!
The orc priest shouts!
The orc shouts! x2
The bat hits you but does no damage.
Firing (i - inventory)
d - 16 arrows (quivered)
Press: ? - help, Shift-Dir - straight line, f - orc
Aim: an orc, wielding a +0 dagger and wearing a +0 leather armour You shoot an arrow.
The arrow hits the orc.
The orc is heavily wounded.
The bat hits you but does no damage.
The orc priest hits you from afar with a +0 trident.
You die...

#########g#K... #...
.........⌠.⌠.
#...###########..._..
#...#...b.gg....#⌠.⌠#
#...#.###########..##
#..o#.# .## #.o.#b# #
#.oo#.# #..o@.#
##.#### #


You could see an orc priest, 4 orcs and a bat.

Vanquished Creatures
  3 orc priests (D:3)
  A worker ant (D:2)
  5 adders
  A worm (D:2)
  A dart slug (D:1)
  4 leopard geckos
  4 orcs (D:3)
  2 giant cockroaches
  3 goblins
  10 hobgoblins
  3 jackals (D:1)
  2 kobolds
  A quokka (D:3)
  9 bats
  3 frilled lizards
  4 rats
56 creatures vanquished.

Notes
Turn   | Place    | Note
-------+----------+-------------------------------------------
     0 | D:1      | Mrkan the Centaur Hunter began the quest for the Orb.
     0 | D:1      | Reached XP level 1. HP: 17/17 MP: 1/1
   119 | D:1      | Reached XP level 2. HP: 20/24 MP: 2/2
   317 | D:1      | Reached skill level 6 in Bows
   980 | D:2      | Found a basalt altar of Yredelemnul.
  1068 | D:2      | Reached XP level 3. HP: 30/30 MP: 3/3
  1487 | D:2      | Found a white marble altar of Elyvilon.
  1574 | D:2      | Reached XP level 4. HP: 37/37 MP: 4/4
  1868 | D:3      | Reached skill level 7 in Bows
  1974 | D:3      | Reached XP level 5. HP: 33/45 MP: 5/5
  2050 | D:3      | Reached skill level 8 in Bows
  2111 | D:3      | HP: 2/46 [poisoned by an adder]
  2116 | D:3      | HP: 2/46 [poisoned by an adder]
  2122 | D:3      | HP: 1/46 [poisoned by an adder]
  2128 | D:3      | HP: 1/46 [poisoned by an adder]
  2133 | D:3      | Found a sparkling altar of Nemelex Xobeh.
  2145 | D:3      | HP: 2/46 [bat (1)]
  2156 | D:3      | Slain by an orc priest

Skill      XL: |  1  2  3  4  5 |
---------------+----------------+-----
Bows           | 6 7 8 |  8.1
Fighting       | 3 |  3.7
Dodging        | |  1.3
Stealth        | |  0.4

Action                   |  1- 3 |  4- 6 || total
-------------------------+-------+-------++-------
 Fire: Shortbow          |    98 |   105 ||   203
  Eat: Chunk             |       |     1 ||     1
Armor: Leather armour    |    19 |    22 ||    41
Dodge: Dodged            |    32 |    37 ||    69
